[Event "FIDE World Rapid-ch Open 2018"]
[White "Khusnutdinov, Rustam"]
[Black "Ponkratov, Pavel"]
[Site "St. Petersburg"]
[Round "5.38"]
[Annotator "RC"]
[Result "1/2-1/2"]
[Date "2018.12.26"]
[WhiteElo "2470"]
[BlackElo "2630"]
[PlyCount "204"]
[TimeControl "900+10"]

1. e4 e6 2. d4 d5 3. Nd2 g6 4. c3 Bg7 5. e5 c5 6. f4 b6 7. Ndf3 Ne7 8. Bb5+ Nec6 9. Be3 Ba6 10. Bxa6 Nxa6 11. Ne2 0-0 12. 0-0 f6 13. Qa4 Qc8 14. exf6 Rxf6 15. Ne5 Ne7 16. Ng3 Qb7 17. Rae1 b5 18. Qd1 c4 19. Bc1 Nc7 20. b3 Rd8 21. Ba3 Bf8 22. Bxe7 Bxe7 23. Ng4 Rff8 24. f5 Qc6 25. f6 Bd6 26. f7+ Kh8 27. Qf3 Be7 28. Ne5 Qb6 29. Qg4 g5 30. Nh5 b4 31. cxb4 Nb5 32. Rd1 Nc3 33. bxc4 dxc4 34. Rd2 Rxd4 35. Rxd4 Qxd4+ 36. Qxd4 Ne2+ 37. Kh1 Nxd4 38. Nxc4 Bxb4 39. Ne5 Rd8 40. Rd1 Nc6 41. Rxd8+ Nxd8 42. Nf6 Kg7 43. Ne8+ Kf8 44. Nf6 h6 45. Ng8 Kg7 46. g4 Bf8 47. Nd7 Nxf7 48. Ngf6 Bd6 49. Ne4 Bb4 50. h3 Nd8 51. Ne5 Ba5 52. Kg2 Bc7 53. Nf3 Nc6 54. h4 gxh4 55. Nxh4 Kf7 56. Nf3 Nb4 57. a4 Nd5 58. Nd4 Bb6 59. Nc6 Ne7 60. Ne5+ Kg7 61. Nc4 Nd5 62. Kf3 Bc7 63. Ncd6 Kg6 64. Nb5 Bb6 65. a5 Bg1 66. Ned6 a6 67. Na3 Bc5 68. Nac4 Nc3 69. Ne5+ Kg7 70. Nb7 Bd4 71. Nc6 Nb5 72. Ke4 Bc3 73. Nc5 Nc7 74. Kd3 Be1 75. Ke2 Bg3 76. Nb8 Bd6 77. Ne4 Ba3 78. Nc6 Kf7 79. Kd3 Ke8 80. g5 hxg5 81. Nxg5 Kd7 82. Nb8+ Kd6 83. Kc4 e5 84. Ne4+ Ke6 85. Nc6 Kf5 86. Kd3 Kf4 87. Nd2 Bc5 88. Ne4 Bf8 89. Nc3 Bg7 90. Nb4 Kf3 91. Nc6 Ne6 92. Nb4 Nc7 93. Nc6 Kf4 94. Nb4 Kf5 95. Nc6 Bf8 96. Ne4 Ne6 97. Ng3+ Kg4 98. Ne4 Kf4 99. Nf6 Kf5 100. Nd5 Nf4+ 101. Kc4 Bd6 102. Ndb4 Bc7 1/2-1/2

[Event "FIDE World Rapid-ch Open 2018"]
[White "Kevlishvili, Robby"]
[Black "Yudin, Sergei"]
[Site "St. Petersburg"]
[Round "5.39"]
[Annotator "ChessBase"]
[Result "0-1"]
[Date "2018.12.26"]
[WhiteElo "2451"]
[BlackElo "2507"]
[PlyCount "108"]
[TimeControl "900+10"]

1. e4 d6 2. d4 Nf6 3. Nc3 e5 4. Nf3 Nbd7 5. Bc4 Be7 6. a4 0-0 7. 0-0 c6 8. Re1 h6 9. h3 Re8 10. b3 exd4 11. Nxd4 Bf8 12. Bb2 Nc5 13. Qf3 Ne6 14. Bxe6 Bxe6 15. Rad1 Qa5 16. Nce2 d5 17. e5 Ne4 18. Ng3 Nxg3 19. Qxg3 c5 20. Nb5 d4 21. Bc1 Bf5 22. Bd2 Qb6 23. Rc1 Re6 24. Bf4 Rg6 25. Qf3 Bd7 26. Qd3 Qc6 27. Bg3 h5 28. h4 Be7 29. Qe4 Rg4 30. Qxc6 Bxc6 31. Nd6 g6 32. c3 Rd8 33. cxd4 cxd4 34. Red1 f5 35. Nxb7 Bxb7 36. Rc7 Ba8 37. Rxe7 f4 38. f3 Rxg3 39. Kf2 g5 40. hxg5 Rxg5 41. Rxa7 Rxe5 42. Rc7 d3 43. Rc4 Re2+ 44. Kf1 Rde8 45. Rd4 Bb7 46. b4 Ra2 47. b5 Ree2 48. Rd8+ Kf7 49. R1xd3 Rf2+ 50. Ke1 Rxg2 51. Kf1 Rgf2+ 52. Kg1 Bxf3 53. b6 Rg2+ 54. Kf1 Rh2 0-1

[Event "FIDE World Rapid-ch Open 2018"]
[White "Christiansen, Johan-Sebastian"]
[Black "Mchedlishvili, Mikheil"]
[Site "St. Petersburg"]
[Round "5.40"]
[Annotator "RC"]
[Result "1/2-1/2"]
[Date "2018.12.26"]
[WhiteElo "2555"]
[BlackElo "2610"]
[PlyCount "77"]
[TimeControl "900+10"]

1. e4 c6 2. d4 d5 3. exd5 cxd5 4. c4 Nf6 5. Nc3 e6 6. Nf3 Bb4 7. cxd5 Nxd5 8. Bd2 Nc6 9. Bd3 0-0 10. 0-0 Be7 11. Nxd5 Qxd5 12. Bc3 Bf6 13. Qe2 Bd7 14. Rfd1 Qd6 15. Ne5 Rad8 16. Be4 Be8 17. Ng4 Be7 18. d5 exd5 19. Bxd5 Qg6 20. Ne5 Nxe5 21. Bxe5 Rd7 22. Qf3 Qb6 23. Bc3 Bb4 24. Be4 Bxc3 25. Qxc3 Re7 26. Re1 g6 27. Bd5 Rxe1+ 28. Rxe1 Bc6 29. Bxc6 bxc6 30. h4 h5 31. Re7 a5 32. g3 a4 33. Re4 Rb8 34. Rxa4 Qxb2 35. Qxc6 Qa1+ 36. Kh2 Kg7 37. Rf4 Qxa2 38. Qc3+ Kg8 39. Qc7 1/2-1/2

[Event "FIDE World Rapid-ch Open 2018"]
[White "Khismatullin, Denis"]
[Black "Chen, Qi b"]
[Site "St. Petersburg"]
[Round "5.41"]
[Annotator "RC"]
[Result "1-0"]
[Date "2018.12.26"]
[WhiteElo "2621"]
[BlackElo "2437"]
[PlyCount "95"]
[TimeControl "900+10"]

1. d4 Nf6 2. Nf3 d5 3. c4 e6 4. Nc3 Nbd7 5. e3 a6 6. b3 b6 7. Bb2 Bb7 8. Bd3 Bd6 9. 0-0 0-0 10. Qe2 Qe7 11. Rac1 Ne4 12. Rc2 Nxc3 13. Bxc3 dxc4 14. bxc4 h6 15. Rb1 e5 16. c5 Bxf3 17. Qxf3 bxc5 18. Qe4 Nf6 19. Qf5 g6 20. Qh3 Kh7 21. dxe5 Bxe5 22. Bxe5 Qxe5 23. Rbc1 Rad8 24. Rxc5 Qb2 25. R5c2 Qa3 26. Bf1 Rd7 27. Qf3 Kg7 28. g3 Rfd8 29. Bc4 a5 30. Kg2 h5 31. Rc3 Qb4 32. Bb3 Ne8 33. Rc5 Re7 34. R1c4 Qd2 35. Rf4 Nd6 36. Rd4 Qe1 37. Rd1 Qb4 38. Rcd5 Rde8 39. R1d4 Qb6 40. Rf4 Rf8 41. Rxh5 gxh5 42. Qxh5 Re4 43. Qg5+ Kh8 44. Qh6+ Kg8 45. Qg5+ Kh8 46. Rf6 Re6 47. Bxe6 Qc6+ 48. Bd5 1-0

[Event "FIDE World Rapid-ch Open 2018"]
[White "Vokhidov, Shamsiddin"]
[Black "Ragger, Markus"]
[Site "St. Petersburg"]
[Round "5.42"]
[Annotator "RC"]
[Result "1/2-1/2"]
[Date "2018.12.26"]
[WhiteElo "2480"]
[BlackElo "2687"]
[PlyCount "71"]
[TimeControl "900+10"]

1. e4 e5 2. Bc4 Nf6 3. d3 Nc6 4. Nf3 Bc5 5. 0-0 d6 6. c3 a6 7. a4 Ba7 8. b4 h6 9. Re1 0-0 10. Nbd2 Ne7 11. Nf1 Ng6 12. Ng3 c6 13. Bb3 d5 14. h3 Re8 15. Qc2 Be6 16. Be3 Bxe3 17. Rxe3 Qd6 18. d4 dxe4 19. Nxe4 Bxb3 20. Qxb3 Nxe4 21. Rxe4 Qd5 22. Qc2 f5 23. Rxe5 Nxe5 24. Nxe5 a5 25. Rb1 axb4 26. Rxb4 b5 27. axb5 cxb5 28. Qxf5 Rf8 29. Qb1 Ra5 30. Rb2 Rfa8 31. Kh2 Rc8 32. Qd3 Qd6 33. Rb3 Qd5 34. Rb2 Qd6 35. Rb3 Qd5 36. Rb2 1/2-1/2

[Event "FIDE World Rapid-ch Open 2018"]
[White "Le, Quang Liem"]
[Black "Gasanov, Eldar"]
[Site "St. Petersburg"]
[Round "5.43"]
[Annotator "RC"]
[Result "1-0"]
[Date "2018.12.26"]
[WhiteElo "2714"]
[BlackElo "2499"]
[PlyCount "91"]
[TimeControl "900+10"]

1. e4 c5 2. Nf3 Nc6 3. d4 cxd4 4. Nxd4 g6 5. c4 d6 6. Be3 Bg7 7. Nc3 Qb6 8. Ndb5 Bxc3+ 9. Nxc3 Qxb2 10. Nd5 Kf8 11. Be2 Kg7 12. Rb1 Qe5 13. f3 Rb8 14. 0-0 Nf6 15. Qd2 Rd8 16. Rb5 Qe6 17. g4 b6 18. Qc3 Kg8 19. Bg5 Ne8 20. Rb2 f6 21. Bh4 Qe5 22. Qa3 Bd7 23. Bg3 Qe6 24. c5 Qf7 25. cxd6 exd6 26. Rc1 Kg7 27. g5 fxg5 28. Rxc6 Bxc6 29. Qc3+ Kh6 30. Qxc6 Rbc8 31. Qa4 Rc1+ 32. Kg2 Rdc8 33. h4 gxh4 34. Bf4+ g5 35. Bxc1 Rxc1 36. Rc2 Rxc2 37. Qxc2 Nf6 38. Ne3 Nh5 39. Nf5+ Kg6 40. Bc4 Nf4+ 41. Kh2 d5 42. Bb3 Qf6 43. Qc8 Qb2+ 44. Bc2 dxe4 45. fxe4 Nh5 46. Qe8+ 1-0

[Event "FIDE World Rapid-ch Open 2018"]
[White "Tomashevsky, Evgeny"]
[Black "Sychev, Klementy"]
[Site "St. Petersburg"]
[Round "5.44"]
[Annotator "RC"]
[Result "1-0"]
[Date "2018.12.26"]
[WhiteElo "2705"]
[BlackElo "2537"]
[PlyCount "81"]
[TimeControl "900+10"]

1. c4 g6 2. e4 e5 3. Nc3 Bg7 4. d3 Nc6 5. g3 d6 6. Bg2 f5 7. Nge2 Nf6 8. 0-0 0-0 9. Nd5 Be6 10. h3 Qd7 11. Kh2 Rae8 12. Be3 Nh5 13. exf5 gxf5 14. f4 Nf6 15. Qd2 Rf7 16. Rae1 Kh8 17. Nxf6 Bxf6 18. b3 Rfe7 19. d4 exd4 20. Nxd4 Nd8 21. Bf2 Bf7 22. Rxe7 Rxe7 23. Re1 Rxe1 24. Qxe1 c5 25. Ne2 Nc6 26. Nc3 Bg7 27. Qd2 Nd4 28. Bxd4 cxd4 29. Ne2 d5 30. c5 Qc6 31. b4 Qf6 32. a4 b6 33. cxb6 axb6 34. a5 bxa5 35. bxa5 h6 36. Qd3 Kg8 37. Qb5 Qe7 38. a6 Kh7 39. Qb7 Qxe2 40. a7 Be6 41. a8=Q 1-0

[Event "FIDE World Rapid-ch Open 2018"]
[White "Riazantsev, Alexander"]
[Black "Popov, Ivan"]
[Site "St. Petersburg"]
[Round "5.45"]
[Annotator "RC"]
[Result "1/2-1/2"]
[Date "2018.12.26"]
[WhiteElo "2649"]
[BlackElo "2592"]
[PlyCount "69"]
[TimeControl "900+10"]

1. d4 d5 2. c4 dxc4 3. e3 Nf6 4. Bxc4 c5 5. Nf3 e6 6. 0-0 Nc6 7. Bd3 Be7 8. dxc5 Nd7 9. Nd4 Nxc5 10. Bb5 Bd7 11. Nxc6 Bxc6 12. Bxc6+ bxc6 13. Nc3 0-0 14. Qe2 Qd3 15. Rd1 Qxe2 16. Nxe2 Bf6 17. Rb1 Rfd8 18. Bd2 Na4 19. Bc3 Nxb2 20. Rxd8+ Rxd8 21. Bd4 Bxd4 22. Nxd4 c5 23. Rxb2 cxd4 24. exd4 g5 25. Rb4 e5 26. Kf1 exd4 27. Ke2 Rc8 28. Kd2 Rc3 29. Ra4 Kg7 30. Rxa7 h5 31. Ra6 f6 32. h3 Kg6 33. Ra5 g4 34. hxg4 hxg4 35. Rd5 1/2-1/2

[Event "FIDE World Rapid-ch Open 2018"]
[White "Melkumyan, Hrant"]
[Black "Geller, Jakov"]
[Site "St. Petersburg"]
[Round "5.46"]
[Annotator "RC"]
[Result "0-1"]
[Date "2018.12.26"]
[WhiteElo "2670"]
[BlackElo "2518"]
[PlyCount "67"]
[TimeControl "900+10"]

1. c4 e6 2. Nf3 d5 3. d4 Nf6 4. Nc3 c6 5. Bg5 dxc4 6. e4 b5 7. e5 h6 8. Bh4 g5 9. Nxg5 hxg5 10. Bxg5 Nbd7 11. g3 Bb7 12. exf6 c5 13. d5 Qb6 14. Bg2 0-0-0 15. 0-0 b4 16. Rb1 Qa6 17. dxe6 Bxg2 18. e7 Bxf1 19. Kxf1 bxc3 20. Qd5 Bh6 21. exd8=Q+ Rxd8 22. bxc3 Bxg5 23. Qxg5 Qc6 24. Kg1 Qe4 25. Rd1 Ne5 26. Rxd8+ Kxd8 27. Qh5 Qe1+ 28. Kg2 Qxc3 29. h4 Qd4 30. Qh8+ Kd7 31. Qa8 c3 32. Qxa7+ Ke6 33. Qa6+ Kf5 34. f3 0-1

[Event "FIDE World Rapid-ch Open 2018"]
[White "Tregubov, Pavel V."]
[Black "Saric, Ivan"]
[Site "St. Petersburg"]
[Round "5.47"]
[Annotator "RC"]
[Result "0-1"]
[Date "2018.12.26"]
[WhiteElo "2592"]
[BlackElo "2695"]
[PlyCount "84"]
[TimeControl "900+10"]

1. d4 Nf6 2. c4 e6 3. Nc3 Bb4 4. e3 0-0 5. Nge2 Re8 6. a3 Bf8 7. d5 a5 8. Ng3 Na6 9. Be2 Nc5 10. b3 exd5 11. cxd5 a4 12. b4 Nb3 13. Rb1 c5 14. b5 Nxc1 15. Qxc1 d6 16. 0-0 Nd7 17. Qc2 Nb6 18. e4 g6 19. f4 Bg7 20. Kh1 h5 21. Bxh5 gxh5 22. Nxh5 Qh4 23. Nxg7 Kxg7 24. e5 Rh8 25. g3 Bf5 26. gxh4 Bxc2 27. Rbc1 Bd3 28. Rf3 c4 29. f5 dxe5 30. f6+ Kh6 31. Re1 e4 32. Rf5 Rhg8 33. Re3 Rg6 34. Nxe4 Rag8 35. Rg5 Nxd5 36. Nd6 Rxf6 37. Reg3 Rf1+ 38. Rg1 Rxg1+ 39. Kxg1 Rxg5+ 40. hxg5+ Kxg5 41. Kf2 c3 42. Ke1 Kf4 0-1

[Event "FIDE World Rapid-ch Open 2018"]
[White "Potapov, Pavel"]
[Black "Demchenko, Anton"]
[Site "St. Petersburg"]
[Round "5.48"]
[Annotator "RC"]
[Result "0-1"]
[Date "2018.12.26"]
[WhiteElo "2516"]
[BlackElo "2679"]
[PlyCount "98"]
[TimeControl "900+10"]

1. e4 c5 2. Nf3 Nc6 3. c3 Nf6 4. e5 Nd5 5. d4 cxd4 6. cxd4 d6 7. Bc4 dxe5 8. dxe5 Ndb4 9. Qb3 e6 10. 0-0 Na5 11. Qa4+ Bd7 12. Bb5 Bxb5 13. Qxb5+ Nac6 14. Nc3 a6 15. Qc4 Qd3 16. Qg4 Qg6 17. Qxg6 hxg6 18. Rd1 Rd8 19. Rxd8+ Nxd8 20. Bg5 Be7 21. Rd1 f6 22. Be3 Nbc6 23. exf6 gxf6 24. Ne4 Rh5 25. g4 Ra5 26. a3 Ra4 27. Nfd2 f5 28. gxf5 gxf5 29. Nc3 Rg4+ 30. Kf1 Bf6 31. h3 Rh4 32. Kg2 Bxc3 33. bxc3 Ra4 34. Bc5 e5 35. c4 Ne6 36. Bd6 b5 37. cxb5 axb5 38. Nb3 Rc4 39. Rc1 Kd7 40. Rd1 Ke8 41. Rc1 Nf4+ 42. Kh2 Nd3 43. Rb1 Rc2 44. Kg3 Rc3 45. f3 Kf7 46. h4 Kg6 47. Kh3 Kh5 48. Nd2 Rc2 49. Nf1 Nf4+ 0-1

[Event "FIDE World Rapid-ch Open 2018"]
[White "Esipenko, Andrey"]
[Black "Anisimov, Pavel"]
[Site "St. Petersburg"]
[Round "5.49"]
[Annotator "ChessBase"]
[Result "1-0"]
[Date "2018.12.26"]
[WhiteElo "2593"]
[BlackElo "2533"]
[PlyCount "41"]
[TimeControl "900+10"]

1. d4 Nf6 2. Nf3 e6 3. Bf4 d5 4. e3 c5 5. c3 Bd6 6. Bg3 0-0 7. Nbd2 Qc7 8. dxc5 Qxc5 9. Bd3 Re8 10. e4 Bxg3 11. hxg3 e5 12. Qe2 Nc6 13. exd5 e4 14. Nxe4 Nxe4 15. Bxe4 f5 16. Ng5 Qe7 17. f4 Nd4 18. cxd4 fxe4 19. Rxh7 e3 20. d6 Qxd6 21. Rh8+ 1-0

[Event "FIDE World Rapid-ch Open 2018"]
[White "Grigoriants, Sergey"]
[Black "Sokolin, Leonid"]
[Site "St. Petersburg"]
[Round "5.50"]
[Annotator "ChessBase"]
[Result "1-0"]
[Date "2018.12.26"]
[WhiteElo "2540"]
[BlackElo "2508"]
[PlyCount "95"]
[TimeControl "900+10"]

1. e4 e6 2. d4 d5 3. Nd2 Nf6 4. e5 Nfd7 5. Bd3 c5 6. c3 Nc6 7. Ne2 cxd4 8. cxd4 f6 9. exf6 Nxf6 10. Nf3 Qa5+ 11. Bd2 Qb6 12. Bc3 Bd6 13. 0-0 0-0 14. Ng3 Bd7 15. Re1 g6 16. a3 a5 17. Rc1 Bf4 18. Rc2 Rae8 19. Rce2 Bc8 20. Nf1 Qc7 21. Rc2 Qg7 22. b4 axb4 23. axb4 Bd6 24. Rb2 g5 25. b5 Ne7 26. Bb4 Bxb4 27. Rxb4 Nf5 28. Ng3 Nxg3 29. fxg3 Nd7 30. Ne5 Nxe5 31. Rxe5 Re7 32. h3 Qf6 33. Rb2 Bd7 34. Kh2 Rg7 35. Qe1 h5 36. Be2 Qh6 37. Rc2 Rgf7 38. Rc7 Be8 39. Rxf7 Rxf7 40. Qc1 Rf5 41. Qc8 Kf7 42. Rxf5+ exf5 43. Qxb7+ Kf8 44. Qxd5 Qf6 45. Qc5+ Kg7 46. b6 f4 47. Qe5 Qxe5 48. dxe5 1-0

[Event "FIDE World Rapid-ch Open 2018"]
[White "Potkin, Vladimir"]
[Black "Oganian, Miran"]
[Site "St. Petersburg"]
[Round "5.51"]
[Annotator "ChessBase"]
[Result "1-0"]
[Date "2018.12.26"]
[WhiteElo "2597"]
[BlackElo "2423"]
[PlyCount "57"]
[TimeControl "900+10"]

1. Nf3 Nf6 2. c4 e6 3. Nc3 d5 4. e3 c5 5. d4 dxc4 6. Bxc4 a6 7. Bb3 Nc6 8. 0-0 Be7 9. Qe2 0-0 10. Rd1 Qc7 11. dxc5 Bxc5 12. h3 b5 13. e4 Bb7 14. e5 Nd7 15. Bf4 Rfd8 16. Ne4 Be7 17. Rac1 Nf8 18. Nd6 Ng6 19. Bg3 Qb6 20. h4 Nb4 21. h5 Nf8 22. Bh4 Bxf3 23. Qxf3 Bxh4 24. Qxf7+ Kh8 25. Qf4 Qxf2+ 26. Qxf2 Bxf2+ 27. Kxf2 Kg8 28. a3 Nd5 29. Rxd5 1-0

[Event "FIDE World Rapid-ch Open 2018"]
[White "Popov, Valerij"]
[Black "Inarkiev, Ernesto"]
[Site "St. Petersburg"]
[Round "5.52"]
[Annotator "RC"]
[Result "0-1"]
[Date "2018.12.26"]
[WhiteElo "2532"]
[BlackElo "2693"]
[PlyCount "62"]
[TimeControl "900+10"]

1. Nf3 d5 2. d4 Nf6 3. c4 dxc4 4. e3 e6 5. Bxc4 c5 6. 0-0 Nc6 7. Nc3 a6 8. Qe2 b5 9. Bb3 Bb7 10. Rd1 Be7 11. dxc5 Qc7 12. e4 0-0 13. Bg5 Rad8 14. Rac1 Rxd1+ 15. Nxd1 Rd8 16. e5 Nd7 17. Bxe7 Nxe7 18. Bc2 Nxc5 19. Bxh7+ Kxh7 20. b4 Bxf3 21. gxf3 Rd5 22. f4 Ng6 23. Ne3 Rd4 24. Rxc5 Qd7 25. f5 exf5 26. Qh5+ Kg8 27. h3 Ne7 28. a3 Rd3 29. a4 bxa4 30. Ra5 f4 31. Ng2 Rxh3 0-1

[Event "FIDE World Rapid-ch Open 2018"]
[White "Kryakvin, Dmitry"]
[Black "Kovalev, Vladislav"]
[Site "St. Petersburg"]
[Round "5.53"]
[Annotator "RC"]
[Result "1/2-1/2"]
[Date "2018.12.26"]
[WhiteElo "2588"]
[BlackElo "2683"]
[PlyCount "121"]
[TimeControl "900+10"]

1. d4 Nf6 2. c4 g6 3. Nc3 Bg7 4. e4 d6 5. Be2 0-0 6. Bg5 c5 7. d5 h6 8. Be3 e6 9. dxe6 Bxe6 10. Qd2 Kh7 11. h3 Nc6 12. Nf3 Qe7 13. 0-0 Rad8 14. Rfe1 Ne5 15. Nxe5 dxe5 16. Qc2 Ne8 17. Rad1 Rxd1 18. Rxd1 b6 19. Qd2 f5 20. f3 Qf7 21. Nd5 Bxd5 22. Qxd5 Qxd5 23. Rxd5 Nf6 24. Rd6 fxe4 25. fxe4 Nxe4 26. Rd7 Ng3 27. Bf3 e4 28. Bf2 exf3 29. Bxg3 Kg8 30. gxf3 Rxf3 31. Kg2 Rf7 32. Rxf7 Kxf7 33. Bb8 a6 34. b3 b5 35. cxb5 axb5 36. Ba7 Bf8 37. Kf3 b4 38. Bb8 Ke6 39. Bf4 g5 40. Bc1 Kf5 41. a4 bxa3 42. Bxa3 h5 43. Bc1 Bg7 44. Bd2 g4+ 45. hxg4+ hxg4+ 46. Ke2 Ke4 47. Be1 Kf4 48. b4 c4 49. Bf2 g3 50. Bc5 Ke4 51. b5 Be5 52. b6 Kd5 53. Be3 Kc6 54. Kf3 Kb7 55. Ke4 c3 56. Kd3 Kc6 57. Bg1 g2 58. Bf2 Kb5 59. b7 Kb4 60. Bd4 Bb8 61. Bxc3+ 1/2-1/2

[Event "FIDE World Rapid-ch Open 2018"]
[White "Piorun, Kacper"]
[Black "Sanikidze, Tornike"]
[Site "St. Petersburg"]
[Round "5.54"]
[Annotator "RC"]
[Result "1-0"]
[Date "2018.12.26"]
[WhiteElo "2634"]
[BlackElo "2507"]
[PlyCount "73"]
[TimeControl "900+10"]

1. c4 e6 2. Nf3 Nf6 3. g3 d5 4. d4 dxc4 5. Bg2 Nc6 6. Qa4 Bb4+ 7. Bd2 Nd5 8. Qb5 Bxd2+ 9. Nbxd2 c3 10. bxc3 Nxc3 11. Qb3 Nd5 12. 0-0 0-0 13. Rfc1 Nce7 14. Qc2 c6 15. Ne5 f6 16. Nd3 b6 17. Nf3 Ba6 18. e4 Bxd3 19. Qxd3 Nc7 20. Qb3 Kh8 21. Rd1 Qe8 22. Rac1 Rc8 23. Ne1 f5 24. Nd3 fxe4 25. Bxe4 Ncd5 26. Ne5 Qh5 27. Qb2 c5 28. Re1 cxd4 29. Rxc8 Rxc8 30. Qxd4 Kg8 31. Bf3 Qh6 32. Bg4 Qf6 33. Qa4 a5 34. Nd7 Qc3 35. Bxe6+ Kh8 36. Qd1 Nf6 37. Nxf6 1-0

[Event "FIDE World Rapid-ch Open 2018"]
[White "Rakhmanov, Aleksandr"]
[Black "Kobo, Ori"]
[Site "St. Petersburg"]
[Round "5.55"]
[Annotator "RC"]
[Result "1-0"]
[Date "2018.12.26"]
[WhiteElo "2629"]
[BlackElo "2494"]
[PlyCount "143"]
[TimeControl "900+10"]

1. c4 e5 2. Nf3 e4 3. Nd4 Nc6 4. Nxc6 dxc6 5. Nc3 Nf6 6. e3 Be7 7. h3 h5 8. Qc2 Bf5 9. Qb3 b6 10. Qc2 Qd7 11. b3 h4 12. Bb2 0-0-0 13. a3 Kb8 14. b4 c5 15. bxc5 Bxc5 16. Na4 Qc6 17. Nxc5 Qxc5 18. a4 Nd5 19. Ba3 Nb4 20. Qc3 a5 21. Rb1 Rh6 22. Bxb4 axb4 23. Qxb4 Qxb4 24. Rxb4 Rhd6 25. Rb2 Kb7 26. g4 hxg3 27. fxg3 Ra8 28. g4 Bd7 29. c5 Rd5 30. d4 exd3 31. Bg2 Bc6 32. Bxd5 Bxd5 33. Rf1 Rxa4 34. Kd2 Bc4 35. cxb6 cxb6 36. h4 Kc6 37. h5 Be6 38. g5 Rg4 39. Rc1+ Kb7 40. Rcb1 Rxg5 41. Rxb6+ Kc7 42. R6b5 Rg4 43. R1b4 Rg2+ 44. Kxd3 Kd6 45. Ra5 Ke7 46. Rf4 Rh2 47. Ra7+ Kd6 48. Rfa4 Bf5+ 49. e4 Be6 50. R4a5 Rh1 51. Rg5 Rh2 52. Raa5 Ke7 53. Rxg7 Kf6 54. Rg3 Rh1 55. Rag5 Rd1+ 56. Ke2 Rh1 57. Kf2 Rh4 58. Ke3 Rh1 59. Ra5 Rh4 60. Kf3 Rh1 61. Rag5 Rh4 62. Ke3 Rh1 63. Rc5 Rh4 64. Kd4 Rh1 65. Rf3+ Kg7 66. Rg5+ Kh6 67. Rg8 Kh7 68. Rg5 Kh6 69. Rfg3 Rh4 70. Ke5 Rh1 71. Rg8 Rxh5+ 72. Kf6 1-0

[Event "FIDE World Rapid-ch Open 2018"]
[White "Petrov, Nikita"]
[Black "Shaposhnikov, Evgeny"]
[Site "St. Petersburg"]
[Round "5.56"]
[Annotator "ChessBase"]
[Result "1/2-1/2"]
[Date "2018.12.26"]
[WhiteElo "2593"]
[BlackElo "2576"]
[PlyCount "115"]
[TimeControl "900+10"]

1. e4 e6 2. d4 d5 3. Nd2 Nc6 4. Ngf3 Nf6 5. e5 Nd7 6. Bd3 f6 7. Ng5 Ndxe5 8. dxe5 fxg5 9. Qh5+ g6 10. Bxg6+ Kd7 11. c4 Nxe5 12. Bc2 c6 13. f4 Nxc4 14. Nxc4 dxc4 15. Bd2 Kc7 16. 0-0-0 Qe7 17. fxg5 e5 18. g6 Bg7 19. gxh7 Be6 20. Bg5 Qf7 21. Qxf7+ Bxf7 22. Rhf1 Be6 23. Rf6 Bd5 24. Rxd5 Bxf6 25. Bxf6 cxd5 26. Bxe5+ Kc6 27. g4 Rhe8 28. Bd4 Re1+ 29. Bd1 Rh1 30. h8=Q Rxh8 31. Bxh8 Rxh2 32. Bd4 a5 33. a4 Rg2 34. Bf3 Rg3 35. Be2 b5 36. axb5+ Kxb5 37. Kd2 a4 38. Be5 a3 39. bxa3 Rxa3 40. g5 Ra6 41. Bh5 Ra2+ 42. Ke3 Rg2 43. g6 Kb4 44. g7 c3 45. Bd1 Kc4 46. Bc2 Rg5 47. Kf4 Rg2 48. Ke3 Rg5 49. Bf6 Rg2 50. Bh7 Rg3+ 51. Kf4 Rxg7 52. Bxg7 d4 53. Ke4 c2 54. Bh6 Kc3 55. Bc1 d3 56. Ke3 d2 57. Bxd2+ Kb2 58. Ke4 1/2-1/2

[Event "FIDE World Rapid-ch Open 2018"]
[White "Lintchevski, Daniil"]
[Black "Maghsoodloo, Parham"]
[Site "St. Petersburg"]
[Round "5.57"]
[Annotator "RC"]
[Result "0-1"]
[Date "2018.12.26"]
[WhiteElo "2516"]
[BlackElo "2688"]
[PlyCount "138"]
[TimeControl "900+10"]

1. e4 Nc6 2. Nc3 e5 3. Nf3 Nf6 4. d4 exd4 5. Nxd4 Bb4 6. Nxc6 bxc6 7. Bd3 d5 8. exd5 0-0 9. 0-0 cxd5 10. Bg5 c6 11. Qf3 Re8 12. Rfe1 Rxe1+ 13. Rxe1 Be6 14. a3 Be7 15. Ne2 h6 16. Bh4 g5 17. Bg3 c5 18. Nc3 Bg4 19. Qe3 Bd6 20. Bxd6 Qxd6 21. Qd2 Kg7 22. b4 Rc8 23. Nb5 Qb6 24. bxc5 Qxc5 25. Qb4 Bd7 26. Nd4 Qc3 27. f3 a5 28. Qxc3 Rxc3 29. Ra1 Ne8 30. Kf2 Kf6 31. Ke3 Ke5 32. Ne2 Rc7 33. Rb1 f5 34. Kd2 Nd6 35. c3 f4 36. Nd4 Rb7 37. Rxb7 Nxb7 38. Bc2 h5 39. h3 Nc5 40. Bg6 h4 41. Bc2 Kd6 42. Bd1 Ke5 43. Bc2 Nb7 44. Bd3 Kd6 45. Nb3 Ba4 46. Nd4 Nc5 47. Bb1 Nd7 48. Bd3 Ne5 49. Be2 Bd7 50. Nb3 a4 51. Nd4 Kc5 52. Kc1 Kb6 53. Kd2 Bc8 54. Kc1 Ba6 55. Bxa6 Kxa6 56. Ne6 Nc4 57. Nxg5 Nxa3 58. Ne6 Kb5 59. Kb2 Nc4+ 60. Ka2 Ne3 61. Nxf4 Kc4 62. Ka3 Kxc3 63. Kxa4 d4 64. Ne2+ Kc4 65. Nc1 d3 66. Nb3 Kc3 67. f4 d2 68. Nxd2 Kxd2 69. Kb4 Kd3 0-1

[Event "FIDE World Rapid-ch Open 2018"]
[White "Tissir, Mohamed"]
[Black "Smirin, Ilia"]
[Site "St. Petersburg"]
[Round "5.58"]
[Annotator "RC"]
[Result "1/2-1/2"]
[Date "2018.12.26"]
[WhiteElo "2387"]
[BlackElo "2609"]
[PlyCount "150"]
[TimeControl "900+10"]

1. e4 c5 2. Nc3 e6 3. Nf3 a6 4. d4 cxd4 5. Nxd4 Qc7 6. f4 Bb4 7. Qf3 Nc6 8. Nb3 Be7 9. Bd3 b5 10. 0-0 Bb7 11. Bd2 Nf6 12. Rae1 d6 13. Kh1 h5 14. Be3 h4 15. h3 Nh5 16. Bf2 g5 17. Nd5 exd5 18. exd5 Nb4 19. fxg5 Nxd5 20. Be4 Nhf4 21. Be3 Nxe3 22. Bxb7 Nxf1 23. Rxf1 Ra7 24. Bc6+ Kf8 25. Qxf4 Bxg5 26. Qxg5 Qxc6 27. Nd4 Qe4 28. Nf5 Rh7 29. Qd8+ Qe8 30. Qxd6+ Kg8 31. Rf4 Rg7 32. Qd4 Qe1+ 33. Kh2 f6 34. Qd8+ Kh7 35. Rxh4+ Kg6 36. Qd3 Qe5+ 37. Kh1 Rad7 38. Rg4+ Kh7 39. Rxg7+ Rxg7 40. Nxg7+ Kxg7 41. c3 Qf4 42. Qe2 Kf7 43. a3 a5 44. Kg1 Qc1+ 45. Kh2 Qf4+ 46. g3 Qc1 47. h4 a4 48. Kh3 Qh1+ 49. Kg4 Qd5 50. Kf4 Qd6+ 51. Kf3 Qd5+ 52. Kf2 Qf5+ 53. Kg2 Qd5+ 54. Kh2 Qc5 55. Qg2 Qe5 56. Qb7+ Kg6 57. Qf3 Kf7 58. Kg2 Qc5 59. Qe4 f5 60. Qf3 Kg6 61. g4 fxg4 62. Qxg4+ Kh6 63. Qg5+ Qxg5+ 64. hxg5+ Kxg5 65. Kf3 Kf5 66. Ke3 Ke5 67. Kd3 Kd5 68. Kd2 Kc4 69. Kc2 Kc5 70. b3 axb3+ 71. Kxb3 Kc6 72. Kb4 Kb6 73. a4 bxa4 74. Kxa4 Kc5 75. Kb3 Kb5 1/2-1/2

[Event "FIDE World Rapid-ch Open 2018"]
[White "Demidov, Mikhail"]
[Black "Van Foreest, Jorden"]
[Site "St. Petersburg"]
[Round "5.59"]
[Annotator "RC"]
[Result "1/2-1/2"]
[Date "2018.12.26"]
[WhiteElo "2520"]
[BlackElo "2614"]
[PlyCount "174"]
[TimeControl "900+10"]

1. Nf3 d5 2. d4 Nf6 3. Bf4 e6 4. e3 Bd6 5. Bg3 0-0 6. Bd3 b6 7. Nbd2 Bb7 8. Bh4 Nbd7 9. 0-0 c5 10. c3 Qb8 11. Qb1 a5 12. Re1 h6 13. a4 Bc6 14. Bg3 Bxg3 15. hxg3 e5 16. e4 Re8 17. exd5 Bxd5 18. Bb5 exd4 19. cxd4 Rxe1+ 20. Qxe1 Qb7 21. dxc5 Nxc5 22. Qe3 Rd8 23. Nc4 Qc7 24. Qe5 Qb8 25. Qxb8 Rxb8 26. Nfe5 Rb7 27. f3 Re7 28. Rd1 Re6 29. f4 h5 30. Ne3 Bb3 31. Rd8+ Kh7 32. Rd4 g6 33. Nf1 Kg7 34. Nd2 Bc2 35. Ndf3 Re7 36. Ng5 Bb3 37. Ngf3 Re6 38. Nd2 Bc2 39. Bc4 Re7 40. b3 Ng4 41. Nxg4 hxg4 42. Kf2 Rc7 43. Rd6 Rd7 44. Rxd7 Nxd7 45. Ke3 Kf6 46. Ne4+ Ke7 47. Kd4 f6 48. Nc3 Kd6 49. Nd5 Bf5 50. Ne3 Nc5 51. Nxf5+ gxf5 52. Bd5 Nd3 53. Bb7 Nc1 54. Bc8 Ne2+ 55. Ke3 Nxg3 56. Kf2 Ne4+ 57. Ke3 Ng3 58. Kf2 Nh5 59. Bxf5 Nxf4 60. g3 Ne6 61. Bxg4 Nc5 62. Bd1 Ke5 63. Ke3 Ne4 64. g4 Nc5 65. Bc2 Ne6 66. Bd3 Nd4 67. Bc4 Nc2+ 68. Kd3 Nb4+ 69. Ke3 Nc6 70. Bb5 Nd8 71. Bc4 Nb7 72. Ba6 Nd6 73. Bd3 Kd5 74. Bh7 Ke5 75. Bd3 Nf7 76. Ba6 Ng5 77. Bb7 Ne6 78. Ba6 Nd4 79. Bc4 Nc2+ 80. Kd3 Ne1+ 81. Ke3 Ng2+ 82. Kf3 Nf4 83. Ke3 Nh3 84. Bf1 Ng5 85. Bc4 Ne4 86. Be2 Nd6 87. Bd3 Nf7 {[%emt 0:0:10] Ke4+} 1/2-1/2